 Dungeon Crawl Stone Soup version 0.25-a0-700-g7f8a7979f0 (webtiles) character file.

Game seed: 10905935867822649351, levelgen mode: deterministic

14 Esekla the Skirmisher (level 2, 23/29 HPs)
             Began as a Gnoll Abyssal Knight on Apr 2, 2020.
             Was a Follower of Lugonu.
             Got out of the dungeon alive.
             The game lasted 00:01:51 (229 turns).

Esekla the Skirmisher (Gnoll Abyssal Knight)         Turns: 229, Time: 00:01:51

Health: 23/29      AC:  3    Str: 14    XL:     2   Next: 45%
Magic:  5/5        EV: 12    Int: 14    God:    Lugonu [*.....]
Gold:   65         SH:  0    Dex: 14    Spells: 1/1 levels left

rFire    . . .     SeeInvis .   a - +1 falchion
rCold    . . .     Gourm    .   (no shield)
rNeg     . . .     Faith    .   b - +0 leather armour
rPois    .         Spirit   .   (no helmet)
rElec    .         Reflect  .   (no cloak)
rCorr    .         Harm     .   (no gloves)
MR       .....                  (no boots)
Stlth    +.........             (no amulet)
HPRegen  0.09/turn              (no ring)
MPRegen  0.09/turn              (no ring)

@: no status effects
A: distributed training, fangs 1, strong nose
a: Depart the Abyss, Renounce Religion


You escaped.
You worshipped Lugonu.
Lugonu was aware of your devotion.
You were not hungry.

You visited 1 branch of the dungeon, and saw 1 of its levels.
You visited the Abyss 1 time.

You collected 65 gold pieces.

Inventory:

Hand Weapons
 a - a +1 falchion (weapon)
Armour
 b - a +0 leather armour (worn)
Scrolls
 d - a scroll of blinking {unknown}
 e - a scroll of remove curse {unknown}
 f - a scroll of identify {unknown}
Comestibles
 c - a ration


   Skills:
 + Level 6.5 Fighting
 + Level 0.4 Short Blades
 + Level 4.5 Long Blades
 + Level 0.4 Axes
 + Level 0.4 Maces & Flails
 + Level 0.4 Polearms
 + Level 0.4 Staves
 + Level 0.4 Slings
 + Level 0.4 Bows
 + Level 0.4 Crossbows
 + Level 0.4 Throwing
 + Level 4.5 Armour
 + Level 2.5 Dodging
 + Level 0.4 Stealth
 + Level 0.4 Shields
 + Level 0.4 Unarmed Combat
 + Level 0.4 Spellcasting
 + Level 0.2 Conjurations
 + Level 0.2 Hexes
 + Level 0.2 Charms
 + Level 0.2 Summonings
 + Level 0.2 Necromancy
 + Level 0.2 Translocations
 + Level 0.2 Transmutations
 + Level 0.2 Fire Magic
 + Level 0.2 Ice Magic
 + Level 0.2 Air Magic
 + Level 0.2 Earth Magic
 + Level 0.2 Poison Magic
 + Level 4.5 Invocations
 + Level 0.4 Evocations


You had one spell level left.
You didn't know any spells.
Your spell library was empty.

Dungeon Overview and Level Annotations

Branches:
Dungeon (1/15)

Altars:


Innate Abilities, Weirdness & Mutations

Your experience applies equally to all skills.
You have very sharp teeth.
Your uncanny sense of smell can sniff out nearby items.


Message History

You now have 65 gold pieces (gained 12).
A kobold comes into view. It is wielding a -3 short sword.
The kobold shouts!
The kobold throws a stone.
The stone closely misses you.
The kobold throws a stone.
The stone hits you but does no damage.
You see here a stone.
The kobold throws a stone.
The stone hits you but does no damage.
You see here a stone.
The kobold throws a stone.
The stone closely misses you. The kobold hits you but does no damage.
You closely miss the kobold. You bite the kobold, but do no damage.
The kobold hits you with a cursed -3 short sword.
You slash the kobold!
You kill the kobold!
Lugonu accepts your kill.
Things that are here:
a cursed -3 short sword; a kobold corpse
There is a staircase leading out of the dungeon here.
Are you sure you want to leave the Dungeon?
This will make you lose the game!
You have escaped!

...###..# #.........#
##...#.#####...).....# ##
#.................#
.####......#########.#
......#.##.### ###.########
..###........#####..........#
...#.†#####.................#
......##....................#
..#...#.........@...........#
..##.)#....(................#
........#####################
##......#.PPPPP.♣PP♣..P.#
##.....#.P.P.PPP..♣PP..#
#.....#.PPPP..♣..P..P♣#
#.....#PP.PP.P....P♣.P#
#$....#P.P..♣♣.PP♣PPP.#
#.....#...♣P .PPPP.P♣.#


There were no monsters in sight!

Vanquished Creatures
  A dart slug (D:1)
  A giant cockroach (D:1)
  A goblin (D:1)
  3 hobgoblins (D:1)
  3 kobolds (D:1)
  4 rats (D:1)
13 creatures vanquished.

Notes
Turn   | Place    | Note
-------+----------+-------------------------------------------
     0 | Abyss:1  | Esekla the Gnoll Abyssal Knight began the quest for the
                  | Orb.
     0 | Abyss:1  | Reached XP level 1. HP: 23/23 MP: 3/3
    49 | Abyss:1  | Noticed a starcursed mass
    57 | D:1      | Escaped the Abyss
   119 | D:1      | Reached XP level 2. HP: 24/29 MP: 5/5
   125 | D:1      | Reached * piety under Lugonu
   229 | D:$      | Got out of the dungeon alive.

Levels and vault maps discovered:
D:1:      minmay_arrival_arboretum_small, layout_rooms, wad_floor_pattern_1,
          skrybe_limestone_x, minmay_tromino_mix6

Action                   || total
-------------------------++-------
Melee: Falchion          ||    34
       Bite              ||     3
Invok: Depart the Abyss  ||     1
Armor: Leather armour    ||     7
Dodge: Dodged            ||    16
       Rpst.: Falchion   ||     5

Table legend:
 A = Non-vault XP
 B = Vault XP
 C = Vault XP percentage of total XP
 D = Non-vault monster count
 E = Vault monster count
 F = Vault count percentage of total count
                 A         B        C        D         E       F
            +---------+---------+-------+---------+---------+-------
      Total |      21 |       0 |   0.0 |      13 |       0 |   0.0
            +---------+---------+-------+---------+---------+-------
        D:1 |      21 |       0 |   0.0 |      13 |       0 |   0.0
            +---------+---------+-------+---------+---------+-------
